AoeStats
← |GaoeG| flamingo

Arabia

507582228Analyzed
2v2 RM · 14d ago on Sep 18, 2026· 48m 13s· 4 players
Game mode
Random Map
Map size
Medium (4 player)
Population
200
Speed
Normal
Resources
Standard
Victory
Conquest
Starting age
Dark Age
Ending age
Imperial Age
RankedLock teamsTeams togetherTeam positionsShared explorationLock speedFull tech treeHidden civsTurbo modeCheats
Victory
Defeat
🇦🇷 Lithuanians · Argentina
1338
+17
🇦🇷 Maya · Argentina
1318
+17
🇪🇸 Gurjaras · Spain
1387
-19
🇪🇸 Vietnamese · Spain
1312
-15
dario_def
0:25 Loom
9:06 Feudal Age
10:13 Double-Bit Axe
15:54 Fletching
23:18 Castle Age
22:30 Padded Archer Armor
23:34 Horse Collar
23:21 Crossbowman
23:57 Bodkin Arrow
24:34 Leather Archer Armor
26:03 Wheelbarrow
26:45 Town Watch
28:03 Gold Mining
28:38 Bow Saw
31:15 Ballistics
32:17 Thumb Ring
36:41 Heavy Plow
41:25 Imperial Age
38:25 Pikeman
41:00 Scale Mail Armor
41:11 Forging
42:06 Chain Mail Armor
41:42 Halberdier
41:51 Capped Ram
44:19 Chemistry
43:30 Masonry
44:05 Hand Cart
45:03 Plate Mail Armor
45:08 Iron Casting
44:51 Arbalester
45:32 Bracer
48:42 Ring Archer Armor
48:47 Iron Casting
Papa Francisco
6:55 Loom
8:58 Feudal Age
11:50 Double-Bit Axe
14:23 Scale Barding Armor
14:29 Forging
15:22 Forging
22:21 Castle Age
21:27 Bloodlines
21:43 Gold Mining
21:42 Horse Collar
23:35 Chain Barding Armor
24:12 Heavy Plow
25:24 Husbandry
32:45 Iron Casting
36:23 Town Watch
39:09 Imperial Age
37:25 Town Patrol
38:44 Wheelbarrow
39:14 Cavalier
40:30 Plate Barding Armor
43:35 Paladin
45:55 Light Cavalry
47:32 Winged Hussar
|GaoeG| flamingo
6:28 Loom
9:35 Feudal Age
17:35 Fletching
17:59 Double-Bit Axe
18:00 Horse Collar
18:59 Padded Archer Armor
22:17 Wheelbarrow
25:56 Castle Age
26:48 Bodkin Arrow
26:15 Crossbowman
27:49 Gold Mining
28:13 Bow Saw
29:50 Thumb Ring
30:41 Leather Archer Armor
33:45 Ballistics
36:26 Hand Cart
37:20 Heavy Plow
42:37 Imperial Age
41:59 Bloodlines
41:50 Husbandry
43:25 Bracer
44:32 Chemistry
46:11 Heavy Cavalry Archer
47:26 Ring Archer Armor
JITANOmaleant7
6:39 Loom
9:39 Feudal Age
13:30 Double-Bit Axe
17:13 Horse Collar
18:47 Wheelbarrow
22:13 Castle Age
21:57 Bloodlines
23:45 Forging
24:46 Bow Saw
25:06 Scale Barding Armor
29:37 Chain Barding Armor
30:33 Husbandry
34:27 Gold Mining
35:40 Iron Casting
41:30 Hand Cart
47:18 Imperial Age
49:45 Imperial Age
48:47 Kshatriyas
Connection lost

Rejoining the realm…

Still unreachable

The connection could not be restored.

Session expired

The server has moved on; the page needs a fresh start.